ASDFJ, neutral female scurrid Archeologist ............................................................................ ............................................................................ ...................................................................)........ ..............................?............................................. ....................}}}}}}}}}}}}}}}}}}}}}}}}}}}}}}}}}}}}}}}................. ................ -------------------------------------}................. .... |}....^.).......... ----+ --- |}................. ...... +.| |}................. .@. ......@|--------.--------|}................. \@. .......@.@^.@.@@@@.......S....).............. ........... ..|--------.--------|}.().............. .......... +.| |}./?.............. --------- + --- |}................. |}................. -------------------------------------}................. ....................}}}}}}}}}}}}}}}}}}}}}}}}}}}}}}}}}}}}}}}....`............ ............................................................................ ............................................................................ ..........!................................................................. ASDFJ the Digger Experience level: 1 Strength: 16 Dexterity: 7 Constitution: 13 Intelligence: 13 Wisdom: 14 Charisma: 12 Health: 0(12) Energy: 2(2) Def: 2 Gold: 73 Moves: 113 Dungeon seed: RxtvbQhhfv-dSpYs Game ID: ASDFJ_1498725568 Your Inventory: Coins $ - 73 gold pieces Weapons a - an uncursed +2 bullwhip Armor e - a blessed +0 leather jacket (being worn) n - an uncursed +0 pair of leather gloves (being worn) Comestibles b - 3 uncursed chestnuts Potions i - an uncursed potion of hallucination Tools c - an uncursed pair of lenses f - an uncursed sack g - an uncursed tin opener (alternate weapon; not wielded) h - an uncursed oil lamp (0:1096) Gems q - an uncursed touchstone Spells and supernatural/magical abilities: Name Level Category Fail Memory W - pray for help -- divine ? -- Your skills at the end: Miscellaneous Skills wands [Basic] Weapon Skills whip [Basic] Spellcasting Skills Final Attributes: You were devoutly aligned. You had infravision. You were very stealthy. You were fast. You are dead. Vanquished creatures: a lichen Voluntary challenges: You went without food. You did not adorn yourself with jewelry or accessories. You did not cause conflict. You were not invisible. You did not have reflection. You were not displaced. You were an atheist. You never hit with a wielded weapon. You were a pacifist. You did not use tools. You did not use plumbed fixtures. You did not drink any magical draughts. You were illiterate. You never genocided any monsters. You never polymorphed an object. You never changed form. You used no wishes. You never split a pudding. You never wrote Elbereth's name. You violated your moral code, losing 1 point of alignment, starting on turn 108. Dungeon overview: The Dungeons of Doom: levels 1 to 12 Level 1 a fountain a long staircase Level 2 Level 3 a fountain Level 4 Level 5 Level 6 Level 7 a sink Level 8 Level 9 Level 10 Level 11 Level 12 an altar to Huhetotl portal to The Quest The Quest: Level 1 <- You were here a throne portal to The Dungeons of Doom History has recorded: On T:1 you entered the Dungeons of Doom to retrieve the Amulet of Yendor! On T:9 you reached level 2 of The Dungeons of Doom. On T:10 you reached level 3 of The Dungeons of Doom. On T:12 you reached level 4 of The Dungeons of Doom. On T:14 you reached level 5 of The Dungeons of Doom. On T:16 you reached level 6 of The Dungeons of Doom. On T:18 you reached level 7 of The Dungeons of Doom. On T:20 you reached level 8 of The Dungeons of Doom. On T:22 you reached level 9 of The Dungeons of Doom. On T:24 you reached level 10 of The Dungeons of Doom. On T:26 you reached level 11 of The Dungeons of Doom. On T:28 you reached level 12 of The Dungeons of Doom. On T:58 you reached level 1 of The Quest. Score breakdown: Gold: 73 ( 7 points) Experience: 1 level ( 0 points) Exploration: 12 levels ( 330 points) Discoveries: 1 item ( 50 points) Variety of kills: 1 monster ( 50 points) Major goal: (nothing yet) ( 0 points) Survival: died (score multiplied by 3) Total score: 1311 Latest messages: The wand of light misses it. You hesitate for a moment, bothered by your conscience. Lord Carnarvon gets angry! The students appear to be angry too... You hear something shatter! A board beneath the student squeaks loudly. The student misses the gnome mummy. A board beneath the student squeaks loudly. Lord Carnarvon drinks an orange potion! Lord Carnarvon looks uneasy. (You can name an orange potion from the item naming menu.) The gnome mummy misses the student. The student punches the gnome mummy. Lord Carnarvon punches you! The gnome mummy scratches the student. The student punches the gnome mummy. Lord Carnarvon punches you! (3x) You die... The sack is empty. The sack is empty. Final status: Goodbye ASDFJ the Archeologist, killed by Lord Carnarvon... You died in The Quest on dungeon level 1 with 1311 points, and 73 pieces of gold, after 113 moves. You were level 1 with a maximum of 12 hit points when you died.